 Dungeon Crawl Stone Soup version 0.32-a0-685-g93135e86f0 (webtiles) character file.

Game seed: 8096706899234456373

339 backslashecho the Shield-Bearer (level 6, -2/50 HPs)
             Began as a Formicid Fighter on Mar 12, 2024.
             Slain by Pikel
             ... wielding a +0 whip of freezing
              (3 damage)
             ... on level 5 of the Dungeon.
             The game lasted 00:09:17 (2895 turns).

backslashecho the Shield-Bearer (Formicid Fighter)  Turns: 2895, Time: 00:09:18

Health: -2/50      AC:  8    Str: 22    XL:     6   Next: 86%
Magic:  6/6        EV: 10    Int:  8    God:
Gold:   133        SH:  5    Dex: 13    Spells: 5/5 levels left

rFire   . . .        b - +4 sling "Ceomnyha" {speed, +Blink rElec rCorr}
rCold   . . .        c - +0 buckler
rNeg    . . .        r - +0 ring mail
rPois   .            (helmet unavailable)
rElec   +            o - +0 cloak
rCorr   +            u - +0 pair of gloves
SInv    +            (no boots)
Will    .....        j - amulet of the acrobat
Stlth   +            (no ring)
HPRegen 0.28/turn    (no ring)
MPRegen 0.10/turn

%: acrobat
@: no status effects
A: permanent stasis, dig shafts and tunnels, antennae 3, four strong arms
a: Dig, Shaft Self


You were on level 5 of the Dungeon.
You visited 1 branch of the dungeon, and saw 5 of its levels.

You collected 247 gold pieces.
You spent 114 gold pieces at shops.

Inventory:

Hand Weapons
 a - a +0 war axe
 b - the +4 sling "Ceomnyha" (weapon) {speed, +Blink rElec rCorr}
   (You found it on level 2 of the Dungeon)

   rElec:     It insulates you from electricity.
   +Blink:    It lets you blink.
   rCorr:     It protects you from acid and corrosion.
Armour
 c - a +0 buckler (worn)
 o - a +0 cloak (worn)
 r - a +0 ring mail (worn)
 u - a +0 pair of gloves (worn)
Jewellery
 g - a ring of fire
 j - an amulet of the acrobat (around neck)
 x - a ring of ice
Scrolls
 f - a scroll of butterflies {unknown}
 h - 3 scrolls of fog {unknown}
 i - 3 scrolls of enchant weapon {unknown}
 m - a scroll of immolation {unknown}
 n - a scroll of silence {unknown}
 p - a scroll of blinking {unknown}
 t - 2 scrolls of amnesia {unknown}
 v - a scroll of teleportation {unknown}
 w - a scroll of enchant armour {unknown}
 y - a scroll of identify
Potions
 d - a potion of might
 k - a potion of brilliance
 q - a potion of haste {unknown}
 s - 2 potions of enlightenment


   Skills:
 + Level 4.8 Fighting
 - Level 3.2 Axes
 * Level 3.5 Ranged Weapons
 - Level 3.2 Armour
 + Level 5.8 Shields


You had 5 spell levels left.
You didn't know any spells.
Your spell library contained the following spells:

 Spells                   Type           Power      Damage    Failure   Level
 Necrotise                Necr           0%         1d4       63%         1
 Mephitic Cloud           Conj/Alch/Air  0%         N/A       94%         3
 Passwall                 Erth           0%         N/A       94%         3
 Vampiric Draining        Necr           0%         2d6       94%         3
 Volatile Blastmotes      Fire/Tloc      0%         2d10      94%         3
 Brom's Barrelling Bould  Conj/Erth      0%         2d3       100%        4
 Fulminant Prism          Conj/Alch      0%         3d5       100%        4
 Iskenderun's Mystic Bla  Conj/Tloc      0%         2d3       100%        4
 Martyr's Knell           Necr/Summ      0%         N/A       100%        4
 Summon Lightning Spire   Summ/Air       0%         N/A       100%        4
 Curse of Agony           Necr           0%         N/A       100%        5
 Fireball                 Conj/Fire      0%         3d3       100%        5
 Iskenderun's Battlesphe  Conj           0%         2d6       100%        5
 Summon Forest            Summ/Tloc      0%         N/A       100%        5
 Bombard                  Conj/Erth      0%         9d1       100%        6
 Conjure Ball Lightning   Conj/Air       0%         3x3d6     100%        6
 Orb of Destruction       Conj           0%         9d5       100%        7
 Summon Horrible Things   Summ           0%         N/A       100%        8


Dungeon Overview and Level Annotations

Branches:
Dungeon (5/15)
 Temple: D:4-7

Altars:
Vehumet
Yredelemnul

Shops:
D:2 *

Annotations:
D:3 1 runed translucent door
D:5 Pikel


Innate Abilities, Weirdness & Mutations

You cannot be hasted, slowed, berserked, paralysed or teleported.
You can dig through walls and to a lower floor.
You have a pair of large antennae on your head. (SInv)
Your four strong arms can wield two-handed weapons with a shield.


Message History

Pikel barely misses you.
Throw: throwing net
Press: ? - help, Shift-Dir - straight line, f/p - Pikel
Aim: Pikel, wielding a +0 whip of freezing and wearing a +0 robe (moderately wounded, 47% to hit)
You throw a throwing net. The throwing net closely misses Pikel.
Pikel barely misses you.
You shoot a sling bullet. The sling bullet closely misses Pikel.
The sling bullet barely misses the lemure.
The sling bullet hits the lemure.
The lemure is lightly wounded.
Pikel hits you with a +0 whip of freezing.
Pikel freezes you.
You take 7 damage, and have 43/50 hp.
You shoot a sling bullet. The sling bullet hits Pikel.
Pikel is moderately wounded.
Pikel hits you with a +0 whip of freezing.
Pikel freezes you.
You take 4 damage, and have 39/50 hp.
You shoot a sling bullet. The sling bullet hits Pikel.
Pikel is moderately wounded.
Pikel waves his whip at you.
Pikel hits you with a +0 whip of freezing.
Pikel freezes you.
You take 6 damage, and have 33/50 hp.
You shoot a sling bullet. The lemure shouts!
The sling bullet hits Pikel.
Pikel is moderately wounded.
You shoot a sling bullet. The sling bullet hits Pikel.
Pikel is heavily wounded.
Pikel cracks his whip.
Pikel barely misses you.
You shoot a sling bullet.
The sling bullet hits Pikel but does no damage.
Pikel is heavily wounded.
Pikel hits you with a +0 whip of freezing!
Pikel freezes you.
You take 12 damage, and have 22/50 hp.
MASSIVE DAMAGE!!
You shoot a sling bullet. The sling bullet hits Pikel.
Pikel is severely wounded.
Pikel hits you but does no damage.
You shoot a sling bullet. The sling bullet barely misses Pikel.
The sling bullet hits the lemure.
The lemure is lightly wounded.
Pikel hits you but does no damage.
You shoot a sling bullet. The sling bullet closely misses Pikel.
The sling bullet hits the lemure.
The lemure is moderately wounded.
Pikel closely misses you.
You shoot a sling bullet. The sling bullet closely misses Pikel.
The sling bullet closely misses the lemure.
The sling bullet hits the lemure!
The lemure is moderately wounded.
Pikel hits you with a +0 whip of freezing.
Pikel freezes you.
You take 7 damage, and have 16/50 hp.
You shoot a sling bullet.
The sling bullet hits Pikel but does no damage.
Pikel is severely wounded.
Pikel hits you with a +0 whip of freezing!
* * * LOW HITPOINT WARNING * * *
Pikel freezes you.
* * * LOW HITPOINT WARNING * * *
You take 12 damage, and have 4/50 hp.
MASSIVE DAMAGE!!
You feel better.
Pikel hits you with a +0 whip of freezing.
* * * LOW HITPOINT WARNING * * *
Pikel freezes you.
* * * LOW HITPOINT WARNING * * *
You regained 6 hp, and now have 10/50 hp.
You aren't carrying any items that you can evoke.
You shoot a sling bullet. The sling bullet barely misses Pikel.
The sling bullet closely misses the lemure. x2
The sling bullet barely misses the lemure.
Pikel hits you with a +0 whip of freezing!
* * * LOW HITPOINT WARNING * * *
Pikel freezes you.
* * * LOW HITPOINT WARNING * * *
You take 8 damage, and have 2/50 hp.
You feel better. Pikel completely misses you.
You regained 10 hp, and now have 12/50 hp.
You feel better.
Pikel hits you with a +0 whip of freezing!
* * * LOW HITPOINT WARNING * * *
Pikel freezes you.
* * * LOW HITPOINT WARNING * * *
You take 3 damage, and have 9/50 hp.
You shoot a sling bullet. The sling bullet barely misses Pikel.
The sling bullet hits the lemure.
The lemure is moderately wounded.
Pikel hits you with a +0 whip of freezing!
* * * LOW HITPOINT WARNING * * *
Pikel freezes you.
* * * LOW HITPOINT WARNING * * *
You take 8 damage, and have 1/50 hp.
You shoot a sling bullet. The sling bullet hits Pikel.
Pikel is severely wounded.
Pikel hits you with a +0 whip of freezing.
You die...
Pikel says, "See you in Hell!"

5.K . ..# ..5
# #.... .5.##
[.###.#.#
...<#
#.....#.#
#..##
#......<## ...
#...#..... ..#
# #.#.#. ##
.#############
{ #.#.##
.......555K@.#
#.#.##
.###########.#
#..... #.#
###.## #.# #.#
#.# #.# #.#
#.# #.# #.#
#.# #.# #.#
#.#


You could see Pikel and 3 lemures.

Vanquished Creatures
  An ogre (D:4)
  A lemure (D:4)
  A scorpion (D:3)
  A human zombie (D:3)
  An iguana (D:4)
  8 adders
  A ribbon worm (D:2)
  2 dart slugs
  2 orcs (D:4)
  4 endoplasms
  3 giant cockroaches (D:1)
  4 goblins
  7 hobgoblins
  2 jackals (D:3)
  5 quokkas
  5 ball pythons
  7 bats
  A frilled lizard (D:2)
  7 kobolds
  4 rats
67 creatures vanquished.

Notes
Turn   | Place    | Note
-------+----------+-------------------------------------------
     0 | D:1      | backslashecho the Formicid Fighter began the quest for the
                  | Orb.
     0 | D:1      | Reached XP level 1. HP: 18/18 MP: 1/1
    67 | D:1      | Reached XP level 2. HP: 15/24 MP: 2/2
   200 | D:1      | Reached XP level 3. HP: 28/29 MP: 3/3
   328 | D:1      | Found a faded altar of an unknown god.
   592 | D:2      | Found Voul's General Store.
   599 | D:2      | Bought a potion of curing for 36 gold pieces
   690 | D:2      | Reached XP level 4. HP: 25/37 MP: 4/4
   691 | D:2      | Got the Incunabulum of Gaseous Formation
  1046 | D:2      | Identified the +4 sling "Ceomnyha" {speed, +Blink rElec
                  | rCorr}
  1269 | D:2      | Bought a +0 cloak for 54 gold pieces
  1274 | D:2      | Bought a scroll of identify for 24 gold pieces
  1316 | D:3      | Noticed a scorpion
  1342 | D:3      | Found a radiant altar of Vehumet.
  1396 | D:3      | Reached skill level 1 in Ranged Weapons
  1504 | D:3      | Reached XP level 5. HP: 42/42 MP: 5/5
  1617 | D:3      | Found a runed translucent door.
  1617 | D:3      | Noticed a human
  1643 | D:3      | Reached skill level 5 in Shields
  1828 | D:3      | Reached XP level 6. HP: 49/49 MP: 6/6
  2054 | D:3      | Found a basalt altar of Yredelemnul.
  2170 | D:4      | Noticed an ogre
  2180 | D:4      | Killed an ogre
  2662 | D:5      | Entered Level 5 of the Dungeon
  2722 | D:5      | Noticed Pikel
  2891 | D:5      | HP: 2/50 [Pikel/+0 whip of freezing (1)]
  2895 | D:5      | Slain by Pikel

Illustrated notes

Levels and vault maps discovered:
D:1:      erik_arrival_blinker_ship, layout_rooms, ebering_ecumenical_altar_rust
D:2:      layout_loops_ring, serial_shops, nicolae_shop_crystal,
          palyth_stone_intersect, minmay_split_cup_large
D:3:      layout_basic, dk_yredelemnul_ordeal, mainiacjoe_overflow_paths
D:4:      layout_rooms
D:5:      layout_basic, grunt_dithmenos_smoke_and_mirrors, trog_antimagical,
          minmay_temple_entry_large_hall, gammafunk_ghost_grave, uniq_pikel

Skill      XL: |  1  2  3  4  5  6 |
---------------+-------------------+-----
Axes           | 3 |  3.2
Fighting       | 4 |  4.8
Ranged Weapons | 1 2 3 |  3.5
Shields        | 5 |  5.8
Armour         | |  3.2

Action                     |  1- 3 |  4- 6 || total
---------------------------+-------+-------++-------
  Melee: War axe           |    81 |    12 ||    93
   Fire: Sling             |       |   185 ||   185
  Throw: Throwing net      |       |     1 ||     1
    Use: Scroll            |       |     2 ||     2
         Potion            |       |     3 ||     3
 Armour: Scale mail        |    71 |    14 ||    85
         Ring mail         |       |    67 ||    67
  Dodge: Dodged            |    38 |    44 ||    82
  Block: Buckler           |    24 |    22 ||    46

Table legend: (Time is in decaauts)
 A = Elapsed time spent in this place.
 B = Non-inter-level travel time spent in this place.
 C = Inter-level travel time spent in this place.
 D = Time resting spent in this place.
 E = Time spent auto-exploring this place.
 F = Levels seen in this place.
 G = Mean time per level.
                   A        B        C        D        E       F      G
               +--------+--------+--------+--------+--------+-----+--------+
         Total |   2926 |   2577 |    349 |      4 |   1950 |   5 |  585.2 |
       Dungeon |   2926 |   2577 |    349 |      4 |   1950 |   5 |  585.2 |
               +--------+--------+--------+--------+--------+-----+--------+

Top non-repeatable levels by time:
     D:2: 908 daAuts
     D:3: 757 daAuts
     D:4: 606 daAuts
     D:1: 577 daAuts
     D:5: 76 daAuts
